 Dungeon Crawl Stone Soup version 0.17-a0-1900-g45e8110 (webtiles) character file.

119 kae the Archer (level 4, 0/29 HPs)
             Began as a High Elf Hunter on Sept 24, 2015.
             Slain by Grinder (2 damage)
             ... on level 3 of the Dungeon.
             The game lasted 00:03:01 (3059 turns).

kae the Archer (High Elf Hunter)                    Turns: 3059, Time: 00:03:01

Health: 0/29       AC:  5    Str: 11    XL:     4   Next: 74%
Magic:  5/5        EV: 12    Int: 15    God:
Gold:   122        SH:  0    Dex: 16    Spells: 0 memorised, 3 levels left

rFire  . . .     SeeInvis .     a - +1 shortbow
rCold  . . .     Clarity  .     d - +0 leather armour
rNeg   . . .     SustAt   .     (no shield)
rPois  .         Gourm    .     (no helmet)
rElec  .         Spirit   .     (no cloak)
rCorr  .         Warding  .     i - +0 pair of gloves
rMut   .         Stasis   .     g - +0 pair of boots
MR     .....                    (no amulet)
Stlth  ++........               (no ring)
                                (no ring)

@: not resistant to hostile enchantments, unstealthy
A: no striking features
a: no special abilities


You were on level 3 of the Dungeon.
You were hungry.

You visited 1 branch of the dungeon, and saw 3 of its levels.

You collected 122 gold pieces.

Inventory:

Hand weapons
 a - a +1 shortbow (weapon)
 b - a +0 short sword
Missiles
 c - 19 arrows (quivered)
 p - 21 arrows of flame
Armour
 d - a +0 leather armour (worn)
 g - a +0 pair of boots (worn)
 i - a +0 pair of gloves (worn)
Magical devices
 n - a wand of digging (5)
Scrolls
 e - a scroll of remove curse
 o - 2 scrolls of amnesia
Potions
 h - a potion of ambrosia {unknown}
 j - 2 potions of might
 l - 2 potions of cancellation {unknown}
 q - 2 potions of curing {unknown}
Books
 k - a book of Spatial Translocations

   Spells                             Type                      Level
   a - Apportation                    Translocation                1
   b - Blink                          Translocation                2
   c - Shroud of Golubria             Charms/Translocation         2
   d - Portal Projectile              Translocation                3
   e - Teleport Other                 Translocation                3
   f - Passage of Golubria            Translocation                4
Comestibles
 f - a fruit
 m - a slice of pizza
 r - 3 chunks of flesh
 s - a meat ration
 t - a beef jerky
 z - 3 bread rations


   Skills:
 - Level 2.0 Fighting
 + Level 8.1 Bows
 - Level 2.1 Dodging
 - Level 1.1 Stealth


You had 3 spell levels left.
You didn't know any spells.

Dungeon Overview and Level Annotations

Branches:
Dungeon (3/15)

Altars:

Annotations:
D:3 Grinder


Message History

You barely resist.
Firing (i - inventory. (,) - cycle):
c - 22 arrows (quivered)
Press: ? - help, Shift-Dir - straight line, f/p - Grinder
Aim: Grinder (lightly wounded)
You shoot an arrow. The arrow hits Grinder.
Grinder is lightly wounded.
Firing (i - inventory. (,) - cycle):
c - 21 arrows (quivered)
Press: ? - help, Shift-Dir - straight line, f/p - Grinder
Aim: Grinder (lightly wounded)
You shoot an arrow. The arrow barely misses Grinder.
Grinder hits you.
* * * LOW HITPOINT WARNING * * *
You writhe in agony.
* * * LOW HITPOINT WARNING * * *
Firing (i - inventory. (,) - cycle):
c - 20 arrows (quivered)
Press: ? - help, Shift-Dir - straight line, f/p - Grinder
Aim: Grinder (lightly wounded)
You shoot an arrow. The arrow barely misses Grinder.
Grinder hits you.
* * * LOW HITPOINT WARNING * * *
You writhe in agony.
You die...

^####.#
#..........# # #.#
#..........# #.#
#..######### #..
##..# ##. #..## ..#
#()## ..
#...######## #.
#.#5.......# #.
##...@.......
##.###.....(......
#.......#...(....#
...#.......#.######
##.....###.#
#..###.# .#
#######..# #.# .#
#.S.....## #.# .#
#.#....## #.#


You could see Grinder.

Vanquished Creatures
  A hound skeleton (D:3)
  6 adders (D:2)
  An ooze (D:3)
  A giant gecko (D:1)
  3 giant cockroaches
  8 goblins
  7 hobgoblins
  4 jackals
  4 kobolds
  A ball python (D:2)
  3 bats
  2 giant newts
  8 rats
49 creatures vanquished.

Notes
Turn   | Place    | Note
--------------------------------------------------------------
     0 | D:1      | kae the High Elf Hunter began the quest for the Orb.
     0 | D:1      | Reached XP level 1. HP: 14/14 MP: 2/2
   634 | D:1      | Reached XP level 2. HP: 12/19 MP: 3/3
   803 | D:1      | Reached skill level 6 in Bows
  1934 | D:2      | Reached XP level 3. HP: 22/24 MP: 4/4
  2095 | D:2      | Reached skill level 7 in Bows
  2382 | D:2      | Reached XP level 4. HP: 22/29 MP: 5/5
  2745 | D:3      | Reached skill level 8 in Bows
  2921 | D:3      | Noticed Grinder
  2930 | D:3      | Paralysed by Grinder for 5 turns
  3043 | D:3      | Paralysed by Grinder for 7 turns
  3059 | D:3      | Slain by Grinder

Vault maps used:
D:1:      dpeg_arrival_ratfight
D:2:      first_bread
D:3:      kennysheep_generic_room_11, uniq_grinder

Action                   |  1- 3 |  4- 6 || total
-------------------------+-------+-------++-------
Melee: Short sword       |   117 |    55 ||   172
 Fire: Shortbow          |    46 |    29 ||    75
  Use: Scroll            |     4 |     1 ||     5
 Stab: Sleeping          |     1 |       ||     1
  Eat: Chunk             |     5 |     1 ||     6
